Cogmind - Beta 15 @@@ ROGUE MODE // 2025.05.20 @ 09:52:33 Player: BVrutally Odd Result: Destroyed by S-43 Plague with Heavy Machine Gun Performance ------------- Evolutions (7) 3500 Regions Visited (12) 2400 Robots Destroyed (254) 1270 Value Destroyed (9873) 9873 Prototype IDs (39) 780 Alien Tech Used (0) 0 Bonus (2125) 2125 TOTAL SCORE: 19948 Bonus ------- High Alert Combat Kills 1084 Follower Combat Kills 341 Entered Garrisons 200 Entered DSFs 500 Cogmind --------- Core Integrity 0/1300 Matter 187/300 Energy 61/100 System Corruption 20% Temperature Cool (0) Movement Core (50) Location -3/Research Parts ------- > --- POWER (2) -------- (None) > --- PROPULSION (8) --- (None) > --- UTILITY (9) ------ (None) > --- WEAPON (2) ------- (None) > --- INVENTORY (5) ---- Improved Sensor Array Long-range Phase Cannon Multitool Peak State ------------ > --- POWER ------------ Heavy Antimatter Reactor Meta Core > --- PROPULSION ------- Gravmag Array Antigrav System Improved Antigrav System Improved Linear Gravjet Improved Linear Gravjet Improved Linear Gravjet Improved Linear Gravjet > --- UTILITY ---------- Power Amplifier Machine Analyzer Enhanced Optical Array Advanced Sensor Array Experimental Signal Interpreter Targeting Computer Advanced Targeting Computer Core Analyzer Hacking Suite > --- WEAPON ----------- Long-range Phase Cannon Enhanced Force Lance > --- INVENTORY -------- Improved Sensor Array Precision Matter Filter Heavy Phase Cannon Scatter Rocket Array Multitool [Rating: 127] Favorites ----------- Power Ion Engine Engine Ion Engine Power Core Light Nuclear Core Reactor Heavy Antimatter Reactor Propulsion Light Treads Treads Light Treads Leg Armored Leg Wheel Armored Wheel Hover Unit Gravmag Array Flight Unit Constructs Utility Huge Storage Unit Device Advanced Heat Sink Storage Huge Storage Unit Processor Core Analyzer Hackware Hacking Suite Protection Light Armor Plating Weapon Subdweller Laser Energy Gun Subdweller Laser Energy Cannon Advanced Beam Cannon Ballistic Gun Shotgun Ballistic Cannon Magnetic Acceleration Cannon Launcher Scatter Rocket Array Special Weapon Multitool Slashing Weapon Scythe Piercing Weapon Enhanced Force Lance Build | -11 -10 -10 -8 -8 -8 -6 -6 -5 -5 -5 -4 -3 ------- Run | Yrd Mat Sub Mat Sto Rec Fac DSF Fac Gar Fac Fac Res Slots Evolved 14 | . . . 4 . . 4 . 2 . . 2 2 Power 1 | . . . . . . 1 . . . . . . Propulsion 6 | . . . 2 . . 1 . 1 . . . 2 Utility 7 | . . . 2 . . 2 . 1 . . 2 . Weapon . | . . . . . . . . . . . . . Parts Attached 194 | 7 5 20 44 25 5 2 13 14 1 32 17 9 Power 15 | 1 . 3 4 . . . 1 . . 3 1 2 Engine 10 | 1 . 3 3 . . . . . . 1 . 2 Core 3 | . . . 1 . . . 1 . . 1 . . Reactor 2 | . . . . . . . . . . 1 1 . Propulsion 74 | 2 . 4 15 12 3 1 5 7 . 12 7 6 Treads 35 | 2 . 4 10 11 3 1 . . . 4 . . Leg 16 | . . . 3 . . . 5 7 . 1 . . Wheel 2 | . . . 2 . . . . . . . . . Hover 12 | . . . . . . . . . . 1 5 6 Flight 9 | . . . . 1 . . . . . 6 2 . Utility 59 | 2 2 5 12 5 2 . 5 4 1 14 7 . Device 27 | 1 . 1 8 4 1 . 2 2 1 4 3 . Storage 4 | 1 1 . . . . . 1 . . 1 . . Processor 11 | . 1 . 1 . . . . . . 6 3 . Hackware 3 | . . . . . . . 1 1 . . 1 . Protection 14 | . . 4 3 1 1 . 1 1 . 3 . . Artifact . | . . . . . . . . . . . . . Weapon 46 | 2 3 8 13 8 . 1 2 3 . 3 2 1 Energy Gun 21 | 2 . 4 9 4 . 1 1 . . . . . Energy Cannon 10 | . . 2 2 1 . . . 2 . 2 1 . Ballistic Gun 8 | . 3 2 1 1 . . 1 . . . . . Ballistic Cannon 1 | . . . . . . . . . . 1 . . Launcher 3 | . . . 1 . . . . 1 . . 1 . Special Weapon 1 | . . . . 1 . . . . . . . . Impact Weapon . | . . . . . . . . . . . . . Slashing Weapon 1 | . . . . 1 . . . . . . . . Piercing Weapon 1 | . . . . . . . . . . . . 1 Special Melee Weapon . | . . . . . . . . . . . . . Unidentified Prototypes 16 | . . . 3 5 1 . . 1 . 2 4 . Corrupted Parts 2 | . . . 2 . . . . . . . . . System Corruption 5 | . . . 5 . . . . . . . . . Parts Lost 84 | . . 5 21 6 . . 12 4 3 8 7 18 Power 9 | . . 1 1 1 . . 1 1 . . . 4 Propulsion 36 | . . 2 9 1 . . 6 1 . 5 3 9 Utility 26 | . . 2 8 3 . . 3 1 1 2 3 3 Weapon 13 | . . . 3 1 . . 2 1 2 1 1 2 Highest Loss Streak 10 | . . 1 10 3 . . 9 1 2 3 4 8 To Critical Strikes 3 | . . . 1 . . . . . . 1 . 1 Average Backups 15 | 4 15 6 24 24 24 21 13 9 9 13 5 4 Power . | . 1 . 1 . . . . . . . . . Propulsion 2 | 3 4 . 3 2 2 1 . . 4 2 . . Utility 3 | . 3 . 2 5 8 8 4 2 1 6 1 1 Weapon 7 | . 5 3 14 13 12 10 6 4 1 2 2 2 Tool/Special . | . . . . . . . . . . . . . Unused Backups 23 | . 3 3 5 5 . . 2 . . 1 3 1 Power . | . . . . . . . . . . . . . Propulsion 5 | . 2 . 1 2 . . . . . . . . Utility 7 | . . 2 . . . . 2 . . 1 1 1 Weapon 11 | . 1 1 4 3 . . . . . . 2 . Tool/Special . | . . . . . . . . . . . . . Average Slot Usage (%) 90 | . 99 84 93 98 93 81 70 86 82 93 71 67 Engine 7 | . 14 13 6 6 . . . 1 3 2 . 1 Core 2 | . . . 1 2 9 6 6 3 1 4 5 2 Treads 23 | . 28 28 26 35 36 33 11 . 3 3 . . Leg 5 | . . . 5 . . . 8 33 28 21 . . Device 11 | . 13 . 18 21 13 15 17 15 10 9 9 7 Storage 7 | . 14 1 9 9 9 6 6 5 5 5 1 . Processor 2 | . . . 2 . . . . . . 14 26 24 Hackware 2 | . . . . . . . 3 10 10 9 7 3 Protection 4 | . . 11 1 4 7 6 1 . 5 . . . Energy Gun 7 | . 12 6 12 6 6 10 10 . 4 1 . . Energy Cannon 5 | . . 8 2 11 4 . . 3 5 7 1 2 Ballistic Gun 6 | . 15 13 2 . . . 2 3 . . . . Slashing Weapon 1 | . . . . . 6 2 . . . . 4 . Peak Build Rating 127 | 7 11 17 31 36 41 52 80 109 105 102 114 127 Average Rating 37 | 5 8 13 25 30 38 49 55 92 99 93 85 89 On Entrance 50 | . 7 11 14 30 32 41 52 80 101 101 73 108 Naked Turns 7 | . . . . . . . . . . . . 7 Heaviest Build 100 | 14 92 92 98 98 100 95 95 64 62 95 44 50 Greatest Support 127 | 40 40 40 83 92 83 103 103 98 96 127 62 83 Greatest Overweight (x) 4 | . 2 2 4 1 1 . 1 1 . 2 1 2 Average Overweight (x) . | . 1 . 1 1 1 . . . . . . . Largest Inventory Capacity 25 | 8 25 25 25 25 25 25 25 10 10 20 10 5 Average Capacity 17 | 7 24 7 25 25 25 25 16 10 10 16 6 5 Most Carried 25 | 7 22 25 25 25 25 24 19 10 10 20 9 5 Average Carried 15 | 4 15 6 24 24 24 19 13 9 9 13 5 4 Final Capacity 25 | 8 25 25 25 25 25 25 10 10 10 10 5 5 Final Carried 25 | 7 22 25 25 25 25 19 10 10 10 10 4 3 Scrap Engine Consumption 102 | . . . . . . . 44 32 22 4 . . Constructs Created 9 | . . . . . . . 2 4 3 . . . Constructs Modified 23 | . . . . . . . . 9 12 2 . . Class Distribution -------------------- 29% | Mutant 19% | Scavenger-Mutant 14% | Commander-Mutant 12% | Subdweller-Mutant 7% | Hacker-Skirmisher 6% | Hacker-Mutant 4% | Scout Dominant Class ---------------- Mutant | -10/Materials Subdweller-Mutant | -10/Subcaves Scavenger-Mutant | -8/Materials Scavenger-Mutant | -8/Storage Commander-Mutant | -8/Recycling Commander-Mutant | -6/Factory Mutant | -6/DSF Hacker-Mutant | -5/Factory Hacker-Mutant | -5/Garrison Hacker-Skirmisher | -5/Factory Scout | -4/Factory Scout | -3/Research Resources | -11 -10 -10 -8 -8 -8 -6 -6 -5 -5 -5 -4 -3 ----------- Run | Yrd Mat Sub Mat Sto Rec Fac DSF Fac Gar Fac Fac Res Matter Collected 4722 | 270 189 508 763 553 267 . 225 192 271 581 653 250 Remotely . | . . . . . . . . . . . . . Salvage Created 11331 | 120 573 835 1906 2378 30 . 543 860 838 1426 1360 462 Parts 532 | 13 33 51 92 82 2 . 23 51 32 68 62 23 Haulers Intercepted 14 | . 2 . 5 5 . . . . . 2 . . Recyclers Shooed 12 | 1 2 . . 2 . . . . . 5 1 1 Parts Field Recycled . | . . . . . . . . . . . . . Retrieved Matter . | . . . . . . . . . . . . . Parts Self-Destructed 19 | . . 19 . . . . . . . . . . Prevented . | . . . . . . . . . . . . . Kills | -11 -10 -10 -8 -8 -8 -6 -6 -5 -5 -5 -4 -3 ------- Run | Yrd Mat Sub Mat Sto Rec Fac DSF Fac Gar Fac Fac Res Combat Hostiles Destroyed 191 | . 8 23 31 34 1 . 9 13 18 20 30 4 Melee 5 | . . . . . . . . . . . 2 3 Guns 82 | . 8 15 28 14 . . 9 2 6 . . . Cannons 61 | . . 8 1 16 1 . . 9 10 16 . . AOE 34 | . . . 2 . . . . 2 1 . 28 1 Classes Destroyed 20 | 2 4 3 5 1 . . 2 2 . . 1 . Worker 7 | . . . . . . . . 1 . 1 3 2 Builder 7 | . . . 1 1 . . . 2 . . 2 1 Tunneler 6 | 3 . . 2 . . . . 1 . . . . Hauler 14 | . 2 . 5 5 . . . . . 2 . . Recycler 12 | 1 1 . . 3 . . . . . 1 5 1 Mechanic 2 | . . . 1 . . . . . . 1 . . Operator 3 | . 1 . 1 1 . . . . . . . . Watcher 12 | . 2 . 3 2 . . . 1 . 1 3 . Swarmer 33 | . . 2 3 . . . 2 . 8 4 14 . Saboteur 2 | . . . . . . . . . . . 2 . Grunt 75 | . 8 . 20 23 . . 4 4 4 5 7 . Brawler 6 | . . . 1 2 . . . . 1 . 2 . Duelist 6 | . . . . 1 . . . . 3 . 2 . Sentry 18 | . . . 5 8 . . . 1 1 2 1 . Specialist 4 | . . . . . . . 2 2 . . . . Hunter 9 | . . . 2 . . . . 2 1 . 2 2 Programmer 15 | . . . . . . . . 4 . 9 . 2 Heavy 1 | . . . . . . . 1 . . . . . Artisan 2 | . . 2 . . . . . . . . . . Subdweller 22 | . . 21 . . 1 . . . . . . . Best Kill Streak 16 | 2 3 5 8 16 1 . 4 9 4 4 15 4 Combat Bots Only 16 | . 3 5 7 16 1 . 4 4 4 4 8 2 Max Kills in Single Turn 7 | 1 1 2 2 2 1 . 1 6 2 1 7 1 Gunslinging 1 | . . . 1 . . . . . . . . . Exploded 5 | . . . 2 . . . . 2 1 . 5 1 Melee 1 | . . . . . . . . . . . 1 1 Uniques/NPCs Destroyed . | . . . . . . . . . . . . . Combat | -11 -10 -10 -8 -8 -8 -6 -6 -5 -5 -5 -4 -3 -------- Run | Yrd Mat Sub Mat Sto Rec Fac DSF Fac Gar Fac Fac Res Hostile Shots Fired 1369 | . 49 126 195 143 6 . 161 139 115 158 109 168 Missed 368 | . 9 33 49 45 . . 41 32 24 52 37 46 Hits 1001 | . 40 93 146 98 6 . 120 107 91 106 72 122 Melee 20 | . . . 2 3 . . . . 11 4 . . Projectile 981 | . 40 93 144 95 6 . 120 107 80 102 72 122 AOE 2 | . . . . . . . . 1 . 1 . . Critical Strikes 54 | . 1 2 13 6 . . 7 1 9 9 1 5 Part Disruptions 6 | . . . . . . . 3 . . . . 3 Damage Taken 18632 | . 493 1934 2316 1547 104 . 2004 2046 1965 2245 1213 2765 Core 3035 | . 83 140 286 189 . . 328 121 119 194 261 1314 Absorbed by Shields 232 | . . . . . 24 . 87 . . . 121 . Regen/Repaired (Parts) 1100 | . . . . . . . 160 221 688 31 . . Core Remaining (%) 52 | 100 . 10 . . 13 . 61 . . 56 77 . Volleys Fired 697 | 7 46 126 112 125 1 . 52 38 46 123 15 6 Largest 3 | 2 2 2 2 2 2 . 2 3 3 3 1 1 Hottest 219 | 80 80 160 129 143 143 . 122 219 180 180 105 105 Shots Fired 1221 | 14 92 215 206 238 5 . 103 81 82 164 15 6 Gun 735 | 14 92 155 197 105 . . 103 16 32 21 . . Cannon 470 | . . 60 7 132 5 . . 65 49 143 4 5 Launcher 16 | . . . 2 1 . . . . 1 . 11 1 Special . | . . . . . . . . . . . . . Kinetic 238 | . 44 93 36 . . . 6 7 15 37 . . Thermal 853 | 7 46 122 126 237 5 . 89 65 52 95 4 5 Explosive 16 | . . . 2 1 . . . . 1 . 11 1 Electromagnetic 114 | 7 2 . 42 . . . 8 9 14 32 . . Robot Hit Streak 28 | 3 9 27 28 17 4 . 20 7 9 10 3 3 Robot Miss Streak 8 | 2 3 4 6 2 . . 2 3 3 4 8 3 Penetration Max 1 | . . . . . . . . 1 . . . . Secondary Targets 13 | . 1 2 7 . . . 3 . . . . . Max Gunslinging Chain 1 | . 1 1 1 . . . 1 . . . . . Shots Hit Robots 830 | 6 58 144 145 157 2 . 80 52 50 95 13 28 Core Hits 515 | 4 28 48 88 70 2 . 29 26 31 40 136 13 Critical Kills 8 | . 1 1 . 3 . . . 2 1 . . . Critical Parts Destroyed 1 | . . . 1 . . . . . . . . . Critical Strikes 37 | . 1 5 6 7 . . 10 2 1 1 . 4 Burn 19 | . . . 5 4 . . 10 . . . . . Meltdown 4 | . . . . 3 . . . . 1 . . . Destroy 9 | . 1 5 1 . . . . 2 . . . . Blast 1 | . . . . . . . . . . 1 . . Impale 4 | . . . . . . . . . . . . 4 Melee Attacks 99 | . . . . 4 1 . . . . 24 26 44 Impact . | . . . . . . . . . . . . . Slashing 55 | . . . . 4 1 . . . . 24 26 . Piercing 44 | . . . . . . . . . . . . 44 Sneak Attacks 8 | . . . . . . . . . . . 4 4 Combat Hostiles . | . . . . . . . . . . . . . Follow-up Attacks . | . . . . . . . . . . . . . Damage Inflicted 26517 | 104 755 3083 3431 3702 91 . 1347 2295 1681 3373 5201 1454 Guns 9435 | 76 720 2060 2809 1645 . . 1347 210 342 226 . . Cannons 8967 | . . 1023 96 1972 91 . . 1517 1200 2866 . 202 Explosions 6275 | 28 25 . 526 . . . . 559 139 71 4744 183 Melee 1786 | . . . . 61 . . . . . 199 457 1069 Ramming 54 | . 10 . . 24 . . . 9 . 11 . . Kinetic 3026 | . 351 1307 521 . . . 81 84 142 540 . . Thermal 15084 | 49 350 1776 2059 3617 91 . 1210 2076 1297 1825 532 202 Explosive 4731 | . . . 249 . . . . . 87 . 4212 183 Electromagnetic 1836 | 55 44 . 602 . . . 56 126 155 798 . . Impact . | . . . . . . . . . . . . . Slashing 717 | . . . . 61 . . . . . 199 457 . Piercing 1069 | . . . . . . . . . . . . 1069 Highest Corruption 20 | . . . 16 16 16 . 2 8 8 12 1 20 Average Corruption 13 | . . . 15 16 16 . 1 5 8 9 1 12 Corruption Purged . | . . . . . . . . . . . . . Corruption Blocked . | . . . . . . . . . . . . . Effects 416 | . . . 87 93 113 . 6 13 28 73 . 3 Message Errors 83 | . . . 17 16 24 . 2 2 4 17 . 1 Matter Fused 102 | . . . 22 16 33 . 2 3 8 17 . 1 Heat Flow Errors 54 | . . . 7 9 21 . 1 4 3 9 . . Energy Discharges 51 | . . . 9 19 9 . . 1 4 9 . . Parts Rejected 6 | . . . 2 1 . . . . 1 2 . . Parts Fused 5 | . . . . 3 1 . . . . 1 . . Data Loss (minor) 49 | . . . 9 10 14 . . 1 4 10 . 1 Data Loss (major) 15 | . . . 4 1 4 . 1 1 . 4 . . Misfires 14 | . . . 3 4 3 . . . 2 2 . . Alerts 10 | . . . 3 2 4 . . . . 1 . . Misdirections 4 | . . . 2 2 . . . . . . . . Weapon Failures 23 | . . . 9 10 . . . 1 2 1 . . Overload Shots . | . . . . . . . . . . . . . Overflow Damage 944 | . . 2 14 8 . . . 218 66 107 182 347 Projectiles 168 | . . 2 14 8 . . . 42 39 63 . . Explosions 360 | . . . . . . . . 176 27 . 147 10 Melee 416 | . . . . . . . . . . 44 35 337 Knockbacks 4 | . . . . . . . . . . 4 . . Impact . | . . . . . . . . . . . . . Kinetic 4 | . . . . . . . . . . 4 . . Secondary . | . . . . . . . . . . . . . Self-Inflicted Damage 530 | . . . 129 . . . . 104 40 . 130 127 Shots 18 | . . . 3 . . . . 2 1 . 6 6 Rammed 3 | . 2 . . 1 . . . . . . . . Targets Rammed 6 | . 2 . . 2 . . . 1 . 1 . . Kicked 2 | . . . . . . . . 1 . 1 . . Crushed 1 | . . . . 1 . . . . . . . . Highest Temperature 396 | 72 120 396 287 288 258 . 144 303 390 291 390 210 Average Temperature 82 | 34 47 84 87 73 108 . 28 118 96 84 115 74 Received Heat Transfer 4606 | . 309 501 1242 882 . . 433 414 360 369 69 27 Effects 6 | . . . . . 2 . . . 1 3 . . Interference 5 | . . . . . 2 . . . . 3 . . Matter Decay 1 | . . . . . . . . . 1 . . . Siege Activations . | . . . . . . . . . . . . . Martial Activations . | . . . . . . . . . . . . . Shielding Activations . | . . . . . . . . . . . . . Robots Disrupted . | . . . . . . . . . . . . . Combat Hostiles . | . . . . . . . . . . . . . Robots Corrupted 4 | . . . . . . . . . . 4 . . Combat Hostiles 4 | . . . . . . . . . . 4 . . Parts Fried 10 | . . . 1 . . . . 2 . 7 . . Impact Corruptions . | . . . . . . . . . . . . . Robots Melted 6 | . . . . 5 . . . . 1 . . . Combat Hostiles 5 | . . . . 4 . . . . 1 . . . Parts Melted 39 | . . 6 5 17 . . 1 3 4 3 . . Heat Transferred 22502 | 100 750 2306 3485 7215 148 . 3367 1412 1308 1826 400 185 Parts Sabotaged . | . . . . . . . . . . . . . Parts Stolen . | . . . . . . . . . . . . . Parts Stripped . | . . . . . . . . . . . . . Power Chain Reactions 10 | 1 1 . 5 . . . . . 1 2 . . Alert | -11 -10 -10 -8 -8 -8 -6 -6 -5 -5 -5 -4 -3 ------- Run | Yrd Mat Sub Mat Sto Rec Fac DSF Fac Gar Fac Fac Res Maximum Alert Level 4 | . . . 1 2 1 1 1 1 3 2 4 2 Low Security (%) 66 | 100 100 . 34 64 97 . . 90 . 59 27 . Level 1 18 | . . . 65 2 2 100 99 9 16 30 4 . Level 2 11 | . . . . 33 . . . . 56 9 1 100 Level 3 3 | . . . . . . . . . 27 . 45 . Level 4 . | . . . . . . . . . . . 20 . Level 5 . | . . . . . . . . . . . . . High Security . | . . . . . . . . . . . . . Max Security . | . . . . . . . . . . . . . Sterilizations 1 | . . . . . . . 1 . . . . . Peak Influence 1304 | 10 74 . 367 550 215 300 276 327 810 456 1304 678 Initial 678 | . . . . 139 209 300 206 144 217 424 163 678 Average 179 | 1 7 . 230 212 53 299 250 113 557 181 702 634 Influence Increases 7064 | 20 274 50 1064 1017 359 305 220 517 623 883 1447 285 Destroy 0b10 Robot/C 3480 | . 160 40 620 680 100 . 180 260 360 400 600 80 Destroy 0b10 Robot/NC 320 | 20 30 . 65 60 5 . . 25 . 30 65 20 Destroy Leader 712 | . 48 10 166 174 . . 40 62 20 96 76 20 Allied During Kill 81 | . . . . . 81 . . . . . . . Successful Hack 155 | . 34 . 13 7 22 5 . 24 . 48 2 . Select Force Hacks 150 | . . . . . 150 . . . . . . . Disable Machine 330 | . . . 30 60 . . . 45 . 60 135 . Destroy Structure 771 | . 2 . 35 21 1 . . 56 18 114 464 60 Advance Influence 300 | . . . . . . 300 . . . . . . Partial Spotted 90 | . . . . 15 . . . . . 30 30 15 Lose Combat Pursuer 675 | . . . 135 . . . . 45 225 105 75 90 Influence Decreases 6471 | 20 274 50 732 811 897 10 239 482 124 1360 486 986 Entered New Map 2009 | . . . . 193 329 . 89 132 94 386 170 616 Time Decay 3291 | 20 274 50 532 558 536 10 . 310 . 565 246 190 Lost Part 780 | . . . 200 60 . . 120 40 30 80 70 180 Lost Ally 64 | . . . . . 32 . 30 . . 2 . . Purge Threat 327 | . . . . . . . . . . 327 . . Squads Dispatched 35 | . 1 . 6 8 . . 2 4 . 7 5 2 Investigation 5 | . . . 2 1 . . . . . 1 . 1 Extermination 10 | . . . . . . . . 2 . 5 2 1 Reinforcement 14 | . 1 . 4 3 . . 2 2 . 1 1 . Assault 3 | . . . . 1 . . . . . . 2 . Garrison 3 | . . . . 3 . . . . . . . . Intercept . | . . . . . . . . . . . . . Searches Triggered . | . . . . . . . . . . . . . Construction Impeded 2 | . . . . 1 . . . . . . 1 . Haulers Reinforced 1 | . . . . . . . . 1 . . . . Active Scanning Responses . | . . . . . . . . . . . . . Cargo Convoy Interrupts 1 | . . . . . . . . . . 1 . . Stealth | -11 -10 -10 -8 -8 -8 -6 -6 -5 -5 -5 -4 -3 --------- Run | Yrd Mat Sub Mat Sto Rec Fac DSF Fac Gar Fac Fac Res Distress Signals 25 | . 2 . 3 10 . . . 2 . 5 2 1 Communications Jammed . | . . . . . . . . . . . . . Distress Signals . | . . . . . . . . . . . . . Times Spotted 310 | . 19 23 62 43 10 . 12 19 18 41 44 19 Peak Tracking Total 12 | . 4 4 8 12 2 . 6 5 12 5 12 10 Tactical Retreats 23 | . . . 7 . . . . 3 3 3 4 3 Traps | -11 -10 -10 -8 -8 -8 -6 -6 -5 -5 -5 -4 -3 ------- Run | Yrd Mat Sub Mat Sto Rec Fac DSF Fac Gar Fac Fac Res Traps Triggered 10 | . . 2 3 . . . 1 . 2 1 . 1 Indirectly . | . . . . . . . . . . . . . Trap Hack Attempts . | . . . . . . . . . . . . . Triggered . | . . . . . . . . . . . . . Disarmed . | . . . . . . . . . . . . . Reprogrammed . | . . . . . . . . . . . . . Reused . | . . . . . . . . . . . . . Traps Extracted . | . . . . . . . . . . . . . Installed . | . . . . . . . . . . . . . Triggered . | . . . . . . . . . . . . . Machines | -11 -10 -10 -8 -8 -8 -6 -6 -5 -5 -5 -4 -3 ---------- Run | Yrd Mat Sub Mat Sto Rec Fac DSF Fac Gar Fac Fac Res Machines Disabled 23 | . . 1 2 4 . . . 3 . 4 9 . Max in Single Turn 5 | . . 1 1 1 . . . 3 . 1 5 . Garrison Access 2 | . . . . . . . . . . 1 1 . Machines Repaired . | . . . . . . . . . . . . . Machines Dismantled . | . . . . . . . . . . . . . Machines Sabotaged . | . . . . . . . . . . . . . Overloaded Fab Kills . | . . . . . . . . . . . . . Hacking | -11 -10 -10 -8 -8 -8 -6 -6 -5 -5 -5 -4 -3 --------- Run | Yrd Mat Sub Mat Sto Rec Fac DSF Fac Gar Fac Fac Res Machines Accessed 54 | . 7 2 2 5 12 1 . 4 . 13 6 2 Terminals 30 | . 5 . 2 4 5 1 . 1 . 9 2 1 Fabricators 3 | . . . . . . . . . . 2 1 . Repair Stations . | . . . . . . . . . . . . . Recycling Units 11 | . 2 . . . 5 . . 2 . . 2 . Scanalyzers 1 | . . . . . . . . . . . . 1 Garrison Access 5 | . . . . 1 . . . 1 . 2 1 . Total Hacks 123 | . 20 4 6 6 34 2 . 6 . 32 10 3 Successful 72 | . 7 4 2 1 27 1 . 4 . 20 6 . Failed 51 | . 13 . 4 5 7 1 . 2 . 12 4 3 Catastrophic 7 | . 2 . 1 1 1 . . . . . 1 1 Database Lockouts . | . . . . . . . . . . . . . Manual 44 | . 6 . 2 3 22 . . . . 9 2 . Terminals 77 | . 15 . 6 5 17 2 . 2 . 25 4 1 Fabricators 5 | . . . . . . . . . . 4 1 . Repair Stations . | . . . . . . . . . . . . . Recycling Units 20 | . 5 . . . 8 . . 3 . . 4 . Scanalyzers 2 | . . . . . . . . . . . . 2 Garrison Access 6 | . . . . 1 . . . 1 . 3 1 . Terminal Hacks 44 | . 5 4 2 1 13 1 . 1 . 15 2 . Record 11 | . 1 3 . . 7 . . . . . . . Robot Analysis 3 | . 1 . . . 2 . . . . . . . Prototype ID Bank 3 | . 1 . . . . . . . . 2 . . Open Door 1 | . . . . 1 . . . . . . . . Open DSF 1 | . . . . . . 1 . . . . . . Branch Access Points 2 | . . . . . . . . . . 2 . . Terminal Index 2 | . . . . . 1 . . . . 1 . . Garrison Index 1 | . . . . . . . . 1 . . . . Unreport Threat 4 | . . . . . . . . . . 4 . . Locate Traps 5 | . 2 . . . . . . . . 2 1 . Transport Status 1 | . . . . . . . . . . 1 . . Recall Extermination 1 | . . . . . . . . . . 1 . . Hauler Manifests 2 | . . . 1 . . . . . . 1 . . Registered Components 3 | . . . 1 . . . . . . 1 1 . Zone Layout 1 | . . . . . 1 . . . . . . . Proto ID Catalog 1 | . . 1 . . . . . . . . . . Release Object 2 | . . . . . 2 . . . . . . . Fabricator Hacks 3 | . . . . . . . . . . 2 1 . Network Status 2 | . . . . . . . . . . 1 1 . Build 1 | . . . . . . . . . . 1 . . Repair Station Hacks . | . . . . . . . . . . . . . Recycling Unit Hacks 6 | . 1 . . . 1 . . 2 . . 2 . Retrieve Components 6 | . 1 . . . 1 . . 2 . . 2 . Scanalyzer . | . . . . . . . . . . . . . Garrison Access Hacks 3 | . . . . . . . . 1 . 1 1 . Unlock Access 1 | . . . . . . . . 1 . . . . Seal Access 2 | . . . . . . . . . . 1 1 . Unauthorized Hacks 16 | . 1 . . . 13 . . . . 2 . . Terminals 10 | . 1 . . . 8 . . . . 1 . . Assimilate 1 | . . . . . . . . . . 1 . . Botnet 3 | . . . . . 3 . . . . . . . Operators 1 | . 1 . . . . . . . . . . . Skim 5 | . . . . . 5 . . . . . . . Fabricators 1 | . . . . . . . . . . 1 . . Haulers 1 | . . . . . . . . . . 1 . . Repair Stations . | . . . . . . . . . . . . . Recycling Units 5 | . . . . . 5 . . . . . . . Tunnel 5 | . . . . . 5 . . . . . . . Scanalyzers . | . . . . . . . . . . . . . Garrison Access . | . . . . . . . . . . . . . Data Cores Recovered . | . . . . . . . . . . . . . Used . | . . . . . . . . . . . . . Hacking Detections 33 | . 7 . 2 3 5 . . 2 . 11 1 2 Full Trace Events 3 | . . . . 1 1 . . . . 1 . . Feedback Events . | . . . . . . . . . . . . . Feedback Blocked . | . . . . . . . . . . . . . Robot Schematics Acquired . | . . . . . . . . . . . . . Robots Built . | . . . . . . . . . . . . . Authchips . | . . . . . . . . . . . . . Time . | . . . . . . . . . . . . . Total Robot Build Rating . | . . . . . . . . . . . . . Part Schematics Acquired . | . . . . . . . . . . . . . Parts Built 2 | . . . . . . . . . . 2 . . Authchips . | . . . . . . . . . . . . . Time 58 | . . . . . . . . . . 58 . . Total Part Build Rating 14 | . . . . . . . . . . 14 . . Parts Repaired . | . . . . . . . . . . . . . Time . | . . . . . . . . . . . . . Parts Recycled . | . . . . . . . . . . . . . Recycled Matter . | . . . . . . . . . . . . . Retrieved Matter . | . . . . . . . . . . . . . Retrieved Components 17 | . 9 . . . 2 . . 2 . . 4 . Parts Scanalyzed . | . . . . . . . . . . . . . Part Schematics Acquired . | . . . . . . . . . . . . . Parts Damaged . | . . . . . . . . . . . . . Bothacking | -11 -10 -10 -8 -8 -8 -6 -6 -5 -5 -5 -4 -3 ------------ Run | Yrd Mat Sub Mat Sto Rec Fac DSF Fac Gar Fac Fac Res Used RIF Installer . | . . . . . . . . . . . . . Robots Hacked . | . . . . . . . . . . . . . Non-combat . | . . . . . . . . . . . . . Combat . | . . . . . . . . . . . . . Robot Hacks Applied . | . . . . . . . . . . . . . Relay Couplers Released 1 | . . . . . . . . . . 1 . . Machine Destruction 1 | . . . . . . . . . . 1 . . Fabnet Peak Effective % . | . . . . . . . . . . . . . Robots Rewired 10 | . . . . . 10 . . . . . . . Allies Hacked . | . . . . . . . . . . . . . Hacks Repelled . | . . . . . . . . . . . . . Allies | -11 -10 -10 -8 -8 -8 -6 -6 -5 -5 -5 -4 -3 -------- Run | Yrd Mat Sub Mat Sto Rec Fac DSF Fac Gar Fac Fac Res Total Allies 21 | . . . . 10 10 . . . . 1 . . Largest Group 20 | . . . . 10 20 3 3 . . 1 . . Highest-Rated Group 351 | . . . . 173 351 81 81 . . 10 . . Highest-Rated Ally 29 | . . . . 29 29 27 27 . . 10 . . Initial Warlord ECA Mod 42 | . . . . . . . . 9 9 9 8 7 Total Orders 6 | . . . . . 6 . . . . . . . STAY 2 | . . . . . 2 . . . . . . . FOLLOW 3 | . . . . . 3 . . . . . . . DROP 1 | . . . . . 1 . . . . . . . Ally Attacks 74 | . . . . . 74 . . . . . . . Total Damage 1092 | . . . . . 1092 . . . . . . . Kills 11 | . . . . . 11 . . . . . . . Allies Corrupted . | . . . . . . . . . . . . . Allies Melted . | . . . . . . . . . . . . . Intel | -11 -10 -10 -8 -8 -8 -6 -6 -5 -5 -5 -4 -3 ------- Run | Yrd Mat Sub Mat Sto Rec Fac DSF Fac Gar Fac Fac Res Active Infowar (turns) 6963 | 39 3285 124 630 155 . . . . . 1802 536 392 Optics 1741 | . . 119 482 . . . . . . 212 536 392 Sensors 2776 | . . . 264 . . . . . . 1640 513 359 Structural 420 | . . . 265 155 . . . . . . . . Seismic 3328 | 39 3215 5 . . . . . . . 69 . . T.N.C. 70 | . 70 . . . . . . . . . . . Machine Analysis 2560 | . . . . . . . . . . 1772 536 252 Robot Analysis Total 2 | . 1 . . . 1 . . . . . . . Derelict Logs Recovered 2 | . . 2 . . . . . . . . . . Drone Launches . | . . . . . . . . . . . . . Drone Recoveries . | . . . . . . . . . . . . . Exploration | -11 -10 -10 -8 -8 -8 -6 -6 -5 -5 -5 -4 -3 ------------- Run | Yrd Mat Sub Mat Sto Rec Fac DSF Fac Gar Fac Fac Res Turns Passed 19415 | 145 3286 4438 2072 1868 2760 21 393 687 833 1977 536 399 Spaces Moved 8014 | 70 800 1932 589 420 763 9 164 414 281 1448 764 360 Core 22 | 6 . . . . . . . . . . . 16 Treads 4564 | 64 800 1932 461 420 763 9 39 . . 76 . . Legs 1678 | . . . . . . . 125 414 281 858 . . Wheels 128 | . . . 128 . . . . . . . . . Hover 648 | . . . . . . . . . . . 304 344 Flight 974 | . . . . . . . . . . 514 460 . Fastest Speed 24 | 50 160 160 135 240 240 160 97 77 120 28 32 24 Average Speed 160 | 150 303 174 227 240 242 160 128 102 120 93 41 37 Slowest Speed 480 | 160 320 340 480 240 245 160 245 183 120 260 120 150 Overloaded Moves . | . . . . . . . . . . . . . Propulsion Burnouts . | . . . . . . . . . . . . . Robots Hopped 6 | . . . . . . . . . . 2 4 . Potential Cave-ins . | . . . . . . . . . . . . . Cave-ins Triggered . | . . . . . . . . . . . . . Exploration Rate (%) 46 | 5 99 69 53 78 87 1 80 14 33 43 25 15 Regions Visited 12 Branch Regions 3 Pre-discovered Areas 7 | . . 2 . . 5 . . . . . . . Known Exits Taken 5 | . . . 1 . . 1 . 1 . 1 1 . Unknown Exits Taken 5 | 1 1 1 . 1 1 . . . . . . . Scrap Searched 11 | . . 11 . . . . . . . . . . Spaces Dug 70 | . . . . 11 1 . . 2 . 34 10 12 Terrain Destroyed 531 | 6 2 5 32 15 1 . . 31 16 57 313 53 Melee 35 | . . . . 2 1 . . . . 13 7 12 Projectile 74 | . . 5 1 4 . . . 8 11 41 4 . AOE 422 | 6 2 . 31 9 . . . 23 5 3 302 41 Terrain Rammed . | . . . . . . . . . . . . . Walls Destroyed . | . . . . . . . . . . . . . Machines Disabled . | . . . . . . . . . . . . . Actions | -11 -10 -10 -8 -8 -8 -6 -6 -5 -5 -5 -4 -3 --------- Run | Yrd Mat Sub Mat Sto Rec Fac DSF Fac Gar Fac Fac Res Total 13110 | 93 1568 2779 1100 1022 1674 17 242 603 711 1875 905 521 Wait 3696 | 2 689 635 302 403 833 1 3 114 374 185 59 96 Move 7991 | 69 799 1931 588 419 762 8 163 414 280 1443 755 360 Hop 6 | . . . . . . . . . . 2 4 . Pick Up 115 | 8 17 30 19 10 4 . 1 4 2 17 3 . Fast Attach 102 | 6 3 9 21 6 . . 8 3 2 23 12 9 Attach 60 | 1 1 2 14 4 3 4 6 6 2 7 8 2 Detach 17 | . 3 . 1 1 2 . . 3 . 1 4 2 Swap 111 | . 2 13 24 30 5 1 2 8 . 18 8 . Drop 135 | . 6 20 19 17 8 3 7 12 . 31 10 2 Fire 697 | 7 46 126 112 125 1 . 52 38 46 123 15 6 Melee 99 | . . . . 4 1 . . . . 24 26 44 Ram . | . . . . . . . . . . . . . Kick 2 | . . . . . . . . 1 . 1 . . Crush 4 | . 2 . . 2 . . . . . . . . Escape Stasis 5 | . . . . . . . . . 5 . . . Rewire 55 | . . . . . 55 . . . . . . . Trap . | . . . . . . . . . . . . . Miscellaneous 15 | . . 13 . 1 . . . . . . 1 . Route ------- -11/Scrapyard -10/Materials (discovered 6 exits: [*Mat x3] / [*Min x2] / *Sub) -10/Subcaves (discovered 2 exits: *Mat x2) -8/Materials -8/Storage -8/Recycling -6/Factory -6/DSF -5/Factory -5/Garrison -5/Factory (discovered 3 exits: *Fac / Upp x2) -4/Factory -3/Research History --------- Turn | Location | Event 2 | -11/Scrapyard | Discovered new exit (range 16) 146 | -11/Scrapyard | Entered Materials 146 | -10/Materials | Discovered new exit (range 14) 312 | -10/Materials | Build established: Mutant 381 | -10/Materials | Discovered new exit (range 6) 1457 | -10/Materials | Discovered new exit (range 15) 1601 | -10/Materials | Discovered new exit (range 11) 2571 | -10/Materials | Discovered new exit (range 15) 2811 | -10/Materials | Discovered new exit (range 15) 3432 | -10/Materials | Entered Subcaves 3433 | -10/Subcaves | Approached by a straggling Scientist 3434 | -10/Subcaves | Shifting Twisted Machinery released Flamer 3490 | -10/Subcaves | Shifting Twisted Machinery released Flamer 3564 | -10/Subcaves | Ambushed by swarm of Subdwellers 3948 | -10/Subcaves | Visited Clippyterm 3952 | -10/Subcaves | Learned location of Section 7 (-2) 4048 | -10/Subcaves | Build established: Scavenger-Mutant 4081 | -10/Subcaves | Core integrity fell below 50% 4316 | -10/Subcaves | Visited 4L-MR0's lab 4335 | -10/Subcaves | Found Meta Core 4378 | -10/Subcaves | A swath of the cavern ceiling suddenly collapsed 4415 | -10/Subcaves | Discovered new exit (range 7) 4698 | -10/Subcaves | Build established: Subdweller-Mutant 5280 | -10/Subcaves | A Subdweller sparked back to life 5280 | -10/Subcaves | A Subdweller sparked back to life 5338 | -10/Subcaves | Found Gun Armor 5543 | -10/Subcaves | Disturbed a concealed Subdweller 6053 | -10/Subcaves | Ambushed by angry Subdweller bent on revenge 6187 | -10/Subcaves | Core integrity fell below 20% 6542 | -10/Subcaves | A swath of the cavern ceiling suddenly collapsed 6571 | -10/Subcaves | Learned location of Zion (-7) 6571 | -10/Subcaves | Met a Zionite searching for "candidates" 6623 | -10/Subcaves | Learned location of 1 exit from Materials 7110 | -10/Subcaves | Discovered new exit (range 10) 7380 | -10/Subcaves | Build established: Mutant 7847 | -10/Subcaves | Shifting Twisted Machinery released Sub. Laser 7870 | -10/Subcaves | Entered Materials 7870 | -8/Materials | Evolved 4 slots: Propulsion x2, Utility x2 7871 | -8/Materials | Identified exit to Storage 8138 | -8/Materials | System corruption reached 10% 8168 | -8/Materials | Lost 5 parts (2n2u1w) 8438 | -8/Materials | Destroyed 7 combat bots 8533 | -8/Materials | Lost 10 parts (1p3n4u2w) 8831 | -8/Materials | Build established: Scavenger-Mutant 9029 | -8/Materials | Lost 3 parts (3n) 9197 | -8/Materials | Core integrity fell below 50% 9942 | -8/Materials | Entered Storage 11034 | -8/Storage | Garrison activated, responded to threat 11169 | -8/Storage | Core integrity fell below 20% 11214 | -8/Storage | Destroyed 16 combat bots 11307 | -8/Storage | Lost 3 parts (1p1n1w) 11542 | -8/Storage | First assault squad dispatched 11761 | -8/Storage | Assisted by bots powering up and referring to "LRC-V3" 11785 | -8/Storage | Used back door to open Recycling access 11785 | -8/Storage | Discovered new exit (range 4) 11810 | -8/Storage | Entered Recycling 11810 | -8/Recycling | Accompanied by 10 allies 12051 | -8/Recycling | Build established: Commander-Mutant 12182 | -8/Recycling | Discovered new exit (range 15) 12623 | -8/Recycling | Entered Scraplab 12682 | -8/Recycling | Found Prototype Device 12684 | -8/Recycling | Identified Scrap Engine 14570 | -8/Recycling | Entered Factory 14570 | -6/Factory | Accompanied by 3 allies 14570 | -6/Factory | Evolved 4 slots: Power x1, Propulsion x1, Utility x2 14589 | -6/Factory | Identified exit to DSF 14591 | -6/Factory | Entered DSF 14591 | -6/DSF | Accompanied by 3 allies 14615 | -6/DSF | Additional patrols routed to DSF 14721 | -6/DSF | Lost 3 allies 14764 | -6/DSF | Discovered new exit (range 15) 14766 | -6/DSF | Lost 9 parts (1p5n2u1w) 14833 | -6/DSF | Sterilization system engaged 14853 | -6/DSF | Ambient heat levels rising (+10) 14862 | -6/DSF | Lost 3 parts (1n1u1w) 14868 | -6/DSF | Ambient heat levels rising (+10) 14883 | -6/DSF | Ambient heat levels rising (+10) 14898 | -6/DSF | Ambient heat levels rising (+10) 14913 | -6/DSF | Ambient heat levels rising (+10) 14928 | -6/DSF | Ambient heat levels rising (+10) 14943 | -6/DSF | Ambient heat levels rising (+10) 14958 | -6/DSF | Ambient heat levels rising (+10) 14973 | -6/DSF | Ambient heat levels rising (+10) 14984 | -6/DSF | Entered Factory 14984 | -5/Factory | Evolved 2 slots: Propulsion x1, Utility x1 15297 | -5/Factory | Build established: Hacker-Mutant 15309 | -5/Factory | Found Prototype Launcher 15309 | -5/Factory | Identified Mni. Smartbomb Launcher 15583 | -5/Factory | Attached Gun Armor, gained temporary slots: Weapon x2 15671 | -5/Factory | Identified exit to Garrison 15671 | -5/Factory | Entered Garrison 15687 | -5/Garrison | Triggered checkpoint 15701 | -5/Garrison | Heavy support dispatched to Factory 15713 | -5/Garrison | Triggered checkpoint 16063 | -5/Garrison | Heavy support dispatched to Factory 16107 | -5/Garrison | Triggered checkpoint 16269 | -5/Garrison | Triggered checkpoint 16416 | -5/Garrison | Discovered new exit (range 9) 16418 | -5/Garrison | Build established: Hacker-Gunner 16504 | -5/Garrison | Entered Factory 16610 | -5/Factory | Attached Meta Core, gained temporary slots: Propulsion, Utility, Weapon 16715 | -5/Factory | Lost 3 parts (2n1u) 16925 | -5/Factory | Identified exit to Upper Caves 16926 | -5/Factory | Spotted B-75 Beast 16984 | -5/Factory | Build established: Hacker-Skirmisher 17089 | -5/Factory | Discovered new exit (range 12) 17297 | -5/Factory | Cargo convoy interrupted 17497 | -5/Factory | System corruption reached 10% 17925 | -5/Factory | Fabricated Adv. Cryofiber Web? 18479 | -5/Factory | Build established: Scout 18481 | -5/Factory | Identified exit to Factory 18481 | -5/Factory | Entered another Factory area 18481 | -4/Factory | Evolved 2 slots: Utility x2 18581 | -4/Factory | Found Prototype Launcher 18609 | -4/Factory | Spotted B-86 Titan 18616 | -4/Factory | Found Prototype Processor 18616 | -4/Factory | Identified Exp. Signal Interpreter 18630 | -4/Factory | Identified Scatter Rocket Array 18668 | -4/Factory | Lost 4 parts (3n1u) 18685 | -4/Factory | Destroyed 8 combat bots 18981 | -4/Factory | First assault squad dispatched 19013 | -4/Factory | Discovered new exit (range 9) 19017 | -4/Factory | Identified exit to Research 19017 | -4/Factory | Entered Research 19017 | -3/Research | Evolved 2 slots: Propulsion x2 19021 | -3/Research | Destroyed 8 combat bots 19199 | -3/Research | Spotted B-86 Titan 19236 | -3/Research | Lost 4 parts (4n) 19305 | -3/Research | Lost 6 parts (2p3n1u) 19371 | -3/Research | System corruption reached 10% 19383 | -3/Research | Core integrity fell below 50% 19402 | -3/Research | Core integrity fell below 20% 19409 | -3/Research | Released all parts (6) 19416 | -3/Research | Destroyed by S-43 Plague with Heavy Machine Gun Last Messages --------------- 19384_ R-10 Processor collects Imp. Antigrav System. 19387_ R-10 Processor collects Adv. Heat Sink. 19390_ R-10 Processor collects Unknown Storage. 19394_ System corrupted: Component data lost. 19397_ Hvy. Phase Cannon destroyed. 19401_ P-80 Master destroyed. 19401_ Scatter Rocket Array destroyed. 19401_ Destroyed Scatter Rocket Array. 19401_ Destroyed Imp. Antigrav System. 19401_ R-10 Processor sends out distress signal. 19404_ The unstable cave ceiling collapses. 19409_ 5HRMD0RB X%0QBZ6%BZH|PSUEO1/PD:X 19409_ Released Exp. Signal Interpreter. 19409_ Released Hacking Suite. 19409_ Released Adv. Targeting Computer. 19409_ Released Core Analyzer. 19409_ Released Enh. Optical Array. 19409_ Released Enh. Force Lance. 19415_ The unstable cave ceiling collapses. Map ----- +----------------------------------------------------+ | ?????????????????????????????????????????????????? | | ?????????????????????????????????????????????????? | | ?????????????????????????????????????????????????? | | ?????????????????????????????????????????????????? | | ?????????????????????????????????????????????????? | | ?????????????????????????????????????????????????? | | ?????????????????????????????????????????????????? | | ?????????????????????????????????????????????????? | | ?????????????????????????????????????????????????? | | ?????????????????????????????????????????????????? | | ???????????????????????????????????########??????? | | ??????????????????????????????#???## #??????? | | ??????????????????????????????# ## # #??????? | | ??????????????????+############ # # #??????? | | ???????????? * / #??????? | | ???????????? ####### #??????? | | ???????????????????? s ?????## #??????? | | ?????????????????????sg ####### ####??????? | | ?????????????????????#sk # % ## #??????? | | ?????????????????????# # ##??????? | | ?????????????????????# # #???????? | | ?????????????????????# # # #???????? | | ?????????????????????# # " ###???????? | | ?????????????????????# ku# T #####?????????? | | ?????????????????????# u + #?????????????? | | ?????????????????????# @# #?????????????? | | ?????????????????????# # #?????????????? | | ?????????????????????# k ##########?????????????? | | ?????????????????????# %###############?? | | ?????????????????????# # #?? | | ?????????????????????# + #??? | | ?????????????????????+ " """"" ""#? | | ?????????????????????# !! # ""T"" ?""## | | ?????????????????????# !! # ""# | | ?????????????????????# ! #? G# | | ?????????????????????# #? ""# | | ???????????????????### % #??""" == ""# | | ???????????????????# B s +??""" =! ""# | | ???????????????????# B ss #??""" = ### | | ???????????????????######/### #??? #?? | | ????????????????????????? ??# !#???? #??? | | ????????????????????????????# =%###############?# | | ????????????????????????????# * #?# | | ?????????????????????""?""??# ! #?# | | ?????????????????????""S""??# #?# | | ?????????????????????""""???# "" #?# | | ????????????????????????????## "" ### #?# | | ?????????????????????????????# T" #?# #?# | | ????????????????????????????## "" #?# ### | | ????????????????????????????# "" #?# | +----------------------------------------------------+ Best States ------------- Heat Dissipation 90 Energy Generation 43 Energy Capacity 460 Matter Stores 300 Matter Capacity 300 Sight Range 22 Robot Scan Range 16 Terrain Scan Density 10 Power Amplification 20 Armor Coverage 800 Evasion (%) 74 Targeting Accuracy 13 Core Analysis 6 Recoil Reduction 5 Particle Charging 25 Offensive Hacking 20 Item Schematics ----------------- None Robot Schematics ------------------ None Fabricated ------------ Adv. Cryofiber Web | x2 | -5/Factory | Preloaded Repaired ---------- Nothing Alien Tech Used ----------------- None Achievements -------------- None Challenges ------------ None Game ------ Seed RagnarokEnhancedCutter Manual? 0 Play Time 02:26:48 Cumulative 286.3 hours Start 2025.05.20 @ 03:26:07 End 2025.05.20 @ 09:52:33 Sessions 5 Manual Loads 0 Difficulty Rogue Special Mode None Game No. 136 Rogue 74 Adventurer 16 Explorer 46 Win Type - Total 37 Types 21/5/4/1/0/1/2/1/1/1 Lore% 89 Gallery% 85 Achievement% 83 Wizard Run 0 Options --------- Layout 2 ASCII 0 Keyboard 0 Movement Mouse Keybinds 0 Fullscreen 1 Font 32/Tamsyn Map View 50x44 Zoom Use 0% Tactical HUD 1 Map Filters NONE Filters NONE Steam 1 RUN: 1cda6609-d55a-41ae-97f3-9fb393ccea82